 Dungeon Crawl Stone Soup version 0.30-a0-799-g109b55a442 (webtiles) character file.

Game seed: 15188965155377309204

1933 cheesebisquit the Skirmisher (level 8, -2/63 HPs)
             Began as a Minotaur Hunter on Feb 20, 2023.
             Hit by a javelin thrown by a centaur (3 damage)
             ... in a bailey.
             The game lasted 00:23:27 (6867 turns).

cheesebisquit the Skirmisher (Minotaur Hunter)      Turns: 6867, Time: 00:23:27

Health: -2/63      AC:  7    Str: 17    XL:     8   Next: 97%
Magic:  7/7        EV: 13    Int:  6    God:
Gold:   413        SH:  0    Dex: 21    Spells: 5/7 levels left

rFire   . . .      SeeInvis .    a - +1 shortbow
rCold   . . .      Faith    .    (shield currently unavailable)
rNeg    . . .      Spirit   .    j - +3 leather armour
rPois   .          Reflect  .    (helmet restricted)
rElec   .          Harm     .    (no cloak)
rCorr   .          Rampage  .    A - +0 pair of gloves
Will    .....                    (no boots)
Stlth   ++                       (no amulet)
HPRegen 0.30/turn                d - ring of flight
MPRegen 0.10/turn                z - +6 ring of dexterity

@: flying
A: horns 2, retaliatory headbutt
a: no special abilities


You were in a bailey.
You visited 2 branches of the dungeon, and saw 8 of its levels.
You also visited: Bailey.

You collected 413 gold pieces.

Inventory:

Hand Weapons
 a - a +1 shortbow (weapon)
Missiles
 m - a throwing net
Armour
 j - a +3 leather armour (worn)
 A - a +0 pair of gloves (worn)
Jewellery
 d - a ring of flight (left hand)
 e - an amulet of faith
 z - a +6 ring of dexterity (right hand)
Wands
 t - a wand of light (6)
 x - a wand of flame (21)
 y - a wand of roots (5)
Scrolls
 b - a scroll of immolation
 f - 4 scrolls of enchant weapon
 k - a scroll of brand weapon {unknown}
 n - a scroll of amnesia
 o - a scroll of blinking {unknown}
 p - a scroll of fear {unknown}
 u - a scroll of enchant armour {unknown}
 v - a scroll of noise {unknown}
 w - a scroll of vulnerability {unknown}
Potions
 c - a potion of brilliance {unknown}
 h - 2 potions of cancellation
 l - a potion of ambrosia {unknown}
 q - 3 potions of degeneration
 s - a potion of flight


   Skills:
 - Level 3.0 Fighting
 * Level 13.1 Ranged Weapons
 - Level 3.0 Dodging
 - Level 1.0 Stealth


You had 5 spell levels left.
You knew the following spells:

 Your Spells              Type           Power      Damage    Failure   Level
a - Blink                 Tloc           0%         N/A       67%         2

Your spell library contained the following spells:

 Spells                   Type           Power      Damage    Failure   Level
 Apportation              Tloc           0%         N/A       52%         1
 Necrotise                Necr           0%         1d4       52%         1
 Summon Small Mammal      Summ           0%         N/A       52%         1
 Manifold Assault         Tloc           0%         N/A       99%         4
 Storm Form               Tmut/Air       0%         N/A       100%        7


Dungeon Overview and Level Annotations

Branches:
Dungeon (7/15)             Temple (1/1) D:5          Bailey (1/1)

Altars:
Ashenzari
Cheibriados
Dithmenos
Fedhas
Hepliaklqana
Kikubaaqudgha
Makhleb
Okawaru
Ru
Sif Muna
Trog
Uskayaw
Vehumet
Wu Jian
Xom
Yredelemnul

Annotations:
D:2 Terence


Innate Abilities, Weirdness & Mutations

You have a pair of horns on your head.
You reflexively headbutt those who attack you in melee.


Message History

You are too injured to fight recklessly!
Fire: a) +1 shortbow
Press: ? - help, Q - select action, (/) - cycle Shift-Dir - straight line, f - orc warrior, p - orc warrior
Aim: an orc warrior, wielding a +0 spear and wearing a +0 scale mail (heavily wounded, 64% to hit)
You shoot an arrow. The arrow hits the orc warrior.
The orc warrior is heavily wounded.
The orc warrior closely misses you.
Fire: a) +1 shortbow
Press: ? - help, Q - select action, (/) - cycle Shift-Dir - straight line, f/p - orc warrior
Aim: an orc warrior, wielding a +0 spear and wearing a +0 scale mail (heavily wounded, 64% to hit)
You shoot an arrow.
The arrow completely misses the orc warrior.
The orc warrior hits you from afar with a +3 trident!
The orc warrior hits you from afar with a +0 spear!
* * * LOW HITPOINT WARNING * * *
Okay, then.
As you read the scroll of teleportation, it crumbles to dust.
You feel strangely unstable. The orc warrior barely misses you.
Your surroundings suddenly seem different. 2 orcs, 2 orc warriors and 3 centaurs come into view.
The orc shouts!
The orc warrior shouts!
You hear a shout!
The centaur shouts!
You hear a shout! x3
An orc warrior comes into view. It is wielding a +3 trident.
The orc shouts!
You hear a shout!
The centaur shouts!
You hear a shout!
The centaur throws a javelin.
The javelin misses you.
The centaur throws a javelin.
The javelin barely misses you.
You hear a shout!
Okay, then.
The centaur throws a javelin.
The javelin pierces through you!
* * * LOW HITPOINT WARNING * * *
The orc misses you.
The centaur throws a javelin.
The javelin barely misses you.
Really read the scroll of poison?
The air fills with toxic fumes!
As you read the scroll of poison, it crumbles to dust.
The centaur throws a javelin.
The javelin pierces through you.
* * * LOW HITPOINT WARNING * * *
The centaur throws a javelin.
The javelin pierces through you.
You die...

.≈.....≈~≈~≈...
.§§§§§§§§§§§§§§§
≈§§§§§§§§§§§§§§§
≈§§§§o§§§§§§o§§§
≈§§c§§§c§§§o§§§§
≈§§§§c§§§o§§§§§§
≈§§§§§§§o§§§§§§§
≈§§§§§§§§§§§§§§§
≈§§§§§§§@§§§§§§§
################


You could see 3 orc warriors, 3 centaurs and 2 orcs.

Vanquished Creatures
  A hornet (D:6)
  A water moccasin (D:5)
  An ice beast (D:5)
  2 ogres (D:5)
  2 black bears
  3 centaurs (Bailey)
  A gnoll sergeant (D:5)
  A bullfrog (D:6)
  3 wights (D:6)
  A howler monkey (D:5)
  2 hounds
  A jelly (D:5)
  Natasha (thrice) (D:2)
  3 iguanas
  4 orc wizards
  6 gnolls
  6 adders
  2 white imps
  3 dart slugs
  24 orcs
  10 ball pythons
  6 endoplasms
  A giant cockroach (D:2)
  15 goblins
  9 hobgoblins
  6 jackals
  4 quokkas
  10 bats
  A frilled lizard (D:2)
  7 kobolds
  9 rats
148 creatures vanquished.

Vanquished Creatures (others)
  A plant (D:2)
1 creature vanquished.

Grand Total: 149 creatures vanquished

Notes
Turn   | Place    | Note
-------+----------+-------------------------------------------
     0 | D:1      | cheesebisquit the Minotaur Hunter began the quest for the
                  | Orb.
     0 | D:1      | Reached XP level 1. HP: 18/18 MP: 0/0
     8 | D:1      | Noticed a minotaur skeleton
    17 | D:1      | Noticed an elf
    19 | D:1      | Noticed an elf
    19 | D:1      | Noticed a demonspawn
    21 | D:1      | Noticed a vampire
    23 | D:1      | Noticed a formicid
    57 | D:1      | Reached skill level 1 in Stealth
    70 | D:1      | Reached XP level 2. HP: 25/25 MP: 1/1
   545 | D:2      | Reached skill level 5 in Ranged Weapons
   545 | D:2      | Reached XP level 3. HP: 31/31 MP: 2/2
   676 | D:2      | Noticed Terence
   841 | D:2      | Found a sacrificial altar of Ru.
  1400 | D:2      | Noticed Natasha
  1411 | D:2      | Killed Natasha
  1412 | D:2      | Reached XP level 4. HP: 10/38 MP: 3/3
  1592 | D:2      | Noticed Natasha
  1604 | D:2      | Killed Natasha
  1605 | D:2      | Reached skill level 6 in Ranged Weapons
  1675 | D:2      | Noticed Natasha
  1680 | D:2      | Killed Natasha
  1681 | D:2      | Reached XP level 5. HP: 23/45 MP: 4/4
  2022 | D:2      | Found a faded altar of an unknown god.
  2792 | D:3      | Reached skill level 7 in Ranged Weapons
  3182 | D:4      | Reached XP level 6. HP: 51/51 MP: 5/5
  3230 | D:4      | Learned a level 2 spell: Blink
  3719 | D:4      | Found a snail-covered altar of Cheibriados.
  3733 | D:4      | Found a hide-covered altar of Uskayaw.
  3783 | D:5      | Entered Level 5 of the Dungeon
  3790 | D:5      | Found a staircase to the Ecumenical Temple.
  3796 | D:5      | Noticed a water moccasin
  3799 | Temple   | Entered the Ecumenical Temple
  3808 | Temple   | Reached skill level 8 in Ranged Weapons
  4097 | D:5      | Killed a water moccasin
  4098 | D:5      | Reached XP level 7. HP: 44/57 MP: 6/6
  4121 | D:5      | Reached skill level 9 in Ranged Weapons
  4483 | D:5      | Reached skill level 10 in Ranged Weapons
  4674 | D:5      | Found a shimmering altar of Xom.
  4675 | D:5      | Found a shimmering blue altar of Sif Muna.
  4731 | D:5      | Found a basalt altar of Yredelemnul.
  4804 | D:5      | Reached XP level 8. HP: 63/63 MP: 7/7
  4808 | D:5      | Noticed a moth of wrath
  4814 | D:5      | Found a bloodstained altar of Trog.
  5305 | D:6      | Reached skill level 11 in Ranged Weapons
  5865 | D:6      | Noticed a hornet
  5866 | D:6      | Paralysed by a hornet for 1 turns
  5877 | D:6      | HP: 2/63 [hornet (11)]
  5880 | D:6      | Killed a hornet
  5880 | D:6      | Found an ornate altar of the Wu Jian Council.
  5881 | D:6      | Reached skill level 12 in Ranged Weapons
  6315 | D:7      | Found a flagged portal.
  6333 | Bailey   | Entered a bailey
  6623 | Bailey   | Reached skill level 13 in Ranged Weapons
  6865 | Bailey   | HP: 1/63 [centaur/javelin (7)]
  6867 | Bailey   | Hit by a javelin thrown by a centaur

Illustrated notes

Levels and vault maps discovered:
D:1:      shiori_arrival_whats_in_store_for_you, layout_rooms,
          minmay_misc_feat_four_crosses, minmay_tromino_i2
D:2:      layout_basic, basic_altar, dilly_ecumenical_altar_fadedgnrine,
          uniq_terence, uniq_natasha
D:3:      layout_basic, gup_sewer_entry_bowl, minmay_cut_off
D:4:      layout_basic, mainiacjoe_overflow_swirl, kennysheep_small_square
D:5:      layout_basic, tgw_trog, lemuel_crystal_altar,
          gammafunk_temple_overflow_wave, minmay_temple_entry_sparse_star
D:6:      layout_cave_pools, nicolae_wu_jian_wuxing_cycle, minmay_misc_feat_x
D:7:      layout_loops_ring, serial_shops, shop, enter_bailey_4,
          nicolae_ossuary_entry_catacombs, minmay_crystal_room
Temple:   hellmonk_temple_forest_ring
Bailey:   bailey_polearm_flooded_kennysheep, bailey

Skill      XL: |  1  2  3  4  5  6  7  8 |
---------------+-------------------------+-----
Stealth        | 1 |  1.0
Fighting       | 3 |  3.0
Ranged Weapons | 5 6 7 8 10 13 | 13.1
Dodging        | 3 |  3.0

Action                     |  1- 3 |  4- 6 |  7- 9 || total
---------------------------+-------+-------+-------++-------
  Melee: Unarmed           |     8 |       |       ||     8
   Fire: Shortbow          |   126 |   179 |   264 ||   569
    Use: Potion            |     4 |       |     2 ||     6
         Scroll            |       |     2 |     8 ||    10
 Armour: Leather armour    |    15 |    28 |    31 ||    74
  Dodge: Dodged            |    41 |    46 |    82 ||   169

Table legend: (Time is in decaauts)
 A = Elapsed time spent in this place.
 B = Non-inter-level travel time spent in this place.
 C = Inter-level travel time spent in this place.
 D = Time resting spent in this place.
 E = Time spent auto-exploring this place.
 F = Levels seen in this place.
 G = Mean time per level.
                   A        B        C        D        E       F      G
               +--------+--------+--------+--------+--------+-----+--------+
         Total |   6934 |   6680 |    254 |   1085 |   4499 |   9 |  770.4 |
       Dungeon |   6118 |   5908 |    210 |    903 |   4050 |   7 |  874.0 |
        Temple |    291 |    247 |     44 |      0 |    228 |   1 |  291.0 |
        Bailey |    524 |    524 |      0 |    181 |    221 |   1 |  524.0 |
               +--------+--------+--------+--------+--------+-----+--------+

Top non-repeatable levels by time:
     D:2: 1766 daAuts
     D:5: 1197 daAuts
     D:6: 954 daAuts
     D:3: 929 daAuts
     D:4: 641 daAuts
     D:1: 527 daAuts
  Bailey: 524 daAuts
  Temple: 291 daAuts
     D:7: 101 daAuts
